Map: Kairos Junction LE

Players

TIME (Oliveira) - Winner!

  • Race: Terran Terran
  • Spawn Location: 5:00

scarlett

  • Race: Zerg Zerg
  • League: Master
  • Spawn Location: 11:00

Event: 2019 WCS Winter Americas

VOD

Have the link to the VOD?

Description

Time

  • Played on: March 24, 2019, 12:37 p.m.
  • Length: 16:29

All games in this series

Show
View Real Time Build Order
Export as new Build Order

TIME Terran - Winner!

Build Orders: Gas First Reaper Expand 

Get SALT Encoding   

  12  0:00  SCV  
  13  0:13  SCV  
  14  0:17  Supply Depot  
  14  0:25  SCV  
  15  0:29  Refinery  
  15  0:39  SCV  
  16  0:44  Barracks  
  16  0:51  SCV  
  17  1:03  SCV  
  18  1:15  SCV  
  19  1:32  Reaper, Orbital Command  
  20  1:43  Command Center  
  20  1:54  Factory  
  20  1:58  SCV  
  21  2:05  Barracks Reactor  
  21  2:10  SCV  
  21  2:13  Supply Depot  
  22  2:18  Refinery  
  22  2:22  SCV  
  23  2:36  SCV  
  24  2:42  Starport  
  24  2:48  SCV  
  25  2:56  Hellion x2  
  25  2:57  Orbital Command  
  29  3:00  SCV  
  30  3:12  Barracks Tech Lab  
  30  3:14  SCV  
  30  3:17  Hellion x2  
  35  3:21  Viking  
  35  3:25  SCV  
  38  3:29  SCV  
  39  3:34  Supply Depot  
  39  3:37  SCV  
  39  3:39  Stimpack  
  39  3:40  Marine  
  41  3:43  SCV  
  42  3:52  SCV  
  42  3:54  Factory Tech Lab  
  43  3:56  SCV  
  43  3:57  Barracks  
  43  3:58  Marine  
  45  4:05  Supply Depot  
  45  4:06  SCV  
  45  4:07  Barracks  
  45  4:08  Starport Reactor  
  46  4:10  SCV  
  46  4:15  Marine  
  46  4:16  Siege Tank  
  51  4:20  SCV  
  51  4:23  SCV  
  53  4:27  Supply Depot  
  53  4:28  Engineering Bay  
  53  4:31  Refinery  
  53  4:33  SCV  
  53  4:34  Marine  
  53  4:36  SCV  
  56  4:45  Supply Depot  
  56  4:46  SCV  
  56  4:47  Marine x2  
  56  4:49  SCV  
  60  4:54  Terran Infantry Weapons Level 1, Starport Reactor  
  60  4:57  Siege Tank  
  63  5:00  SCV  
  63  5:01  SCV  
  63  5:03  Marine x2  
  63  5:04  Marine  
  63  5:05  Marine  
  69  5:12  SCV, Marine  
  69  5:14  SCV  
  70  5:16  Supply Depot  
  70  5:17  Supply Depot  
  70  5:21  Marine x2  
  72  5:22  Marine  
  72  5:23  Marine  
  74  5:30  Marine  
  74  5:31  Medivac  
  77  5:38  Medivac, Siege Tank, Marine  
  77  5:39  Marine  
  77  5:40  Marine, Supply Depot  
  77  5:42  Marine  
  85  5:48  Marine  
  87  5:52  Combat Shield  
  87  5:56  Marine  
  88  6:00  Marine  
  88  6:01  Command Center  
  88  6:03  SCV  
  90  6:06  Medivac, Marine  
  90  6:07  Marine  
  90  6:10  SCV  
  95  6:12  Marine  
  95  6:14  Refinery  
  95  6:16  Siege Tank  
  99  6:21  Marine  
  99  6:23  Marine  
  101  6:33  Marine  
  90  6:40  SCV, Marine  
  90  6:42  Marine  
  85  6:48  Siege Tank  
  85  6:49  Marine  
  85  6:52  Medivac  
  83  6:54  SCV x2  
  83  6:56  Marine  
  83  6:59  Marine  
  83  7:00  Marine  
  82  7:02  Barracks  
  82  7:03  Marine, Barracks  
  82  7:06  SCV  
  82  7:07  Engineering Bay, Terran Infantry Armor Level 1, Marine  
  82  7:08  Armory  
  85  7:13  SCV, Marine  
  85  7:14  Orbital Command  
  87  7:17  Marine  
  87  7:18  SCV, Marine  
  87  7:21  Marine  
  91  7:23  Siege Tank  
  91  7:24  Marine  
  95  7:31  Marine  
  95  7:35  SCV, Marine  
  95  7:36  Marine  
  99  7:37  SCV  
  99  7:39  SCV  
  101  7:45  Marine  
  101  7:46  Liberator x2  
  101  7:47  SCV  
  99  7:54  Marine x2  
  99  7:55  Marine x2  
  99  7:56  SCV  
  99  7:57  SCV  
  100  7:59  SCV  
  100  8:00  Barracks Reactor x2  
  100  8:03  Marine  
  100  8:04  Siege Tank  
  111  8:09  SCV x2  
  111  8:11  Refinery  
  111  8:12  Refinery  
  113  8:13  Supply Depot, Marine  
  113  8:16  Supply Depot, Marine x2  
  113  8:17  Marine  
  117  8:25  Marine  
  117  8:26  SCV  
  117  8:31  Terran Infantry Weapons Level 2  
  117  8:34  Marine x2  
  117  8:35  SCV x2  
  117  8:39  Supply Depot  
  117  8:40  Marine x2  
  123  8:43  Liberator  
  123  8:45  Factory  
  123  8:46  Marine  
  123  8:47  Marine  
  123  8:48  Marine x2  
  126  8:49  Marine  
  126  8:51  Medivac  
  126  8:54  Marine  
  131  8:58  Marine x2  
  131  9:00  Siege Tank  
  137  9:04  Supply Depot x2  
  129  9:11  Marine  
  129  9:13  Marine  
  129  9:15  Marine  
  123  9:18  Marine x2  
  123  9:23  Medivac  
  123  9:24  Marine  
  123  9:27  Marine  
  126  9:34  Factory Reactor, Drilling Claws  
  126  9:35  Supply Depot x2  
  126  9:36  Supply Depot  
  126  9:38  Terran Infantry Armor Level 2  
  125  9:40  Command Center, Marine  
  125  9:41  Marine  
  125  9:44  Marine  
  128  9:47  Siege Tank  
  128  9:49  Medivac  
  128  9:52  Marine x2  
  135  9:53  Marine  
  135  9:55  Marine x2  
  135  9:59  Marine  
  139  10:00  Medivac  
  139  10:04  Marine x2  
  143  10:12  Marine  
  143  10:15  Marine  
  143  10:18  Marine x2  
  143  10:19  Medivac  
  143  10:20  Siege Tank  
  148  10:22  Marine  
  148  10:23  Marine x2  
  148  10:24  Marine  
  148  10:27  Marine  
  140  10:29  Widow Mine x2  
  140  10:30  Medivac, Marine  
  140  10:33  Missile Turret  
  137  10:36  Marine x3  
  137  10:40  Marine x2  
  142  10:49  Marine x2  
  144  10:52  Siege Tank  
  144  10:54  Missile Turret, Barracks  
  144  10:55  Widow Mine x2, Barracks x2  
  151  10:57  Missile Turret  
  148  11:04  Missile Turret, Terran Infantry Weapons Level 3  
  148  11:09  Marine  
  148  11:15  Marine  
  148  11:20  Terran Vehicle And Ship Armor Level 1, Marine  
  148  11:21  Marine x2  
  148  11:24  SCV x2  
  132  11:33  Marine x3  
  132  11:34  Marauder  
  132  11:37  Marine x2  
  119  11:40  Widow Mine x2  
  119  11:46  Marine x2  
  104  11:48  Medivac  
  104  11:49  Thor  
  104  11:50  Marine  
  104  11:53  Barracks Tech Lab x3  
  111  11:55  Marauder  
  111  11:57  Marine x2  
  111  11:58  Marine x3  
  111  11:59  Medivac  
  120  12:04  Marine  
  120  12:05  Marine  
  120  12:07  Widow Mine  
  120  12:08  Marine, Widow Mine  
  123  12:13  Orbital Command  
  123  12:14  Marauder  
  130  12:16  Marauder  
  130  12:17  Missile Turret, Marine  
  130  12:18  Marine  
  130  12:22  Marine x2  
  136  12:24  Marine  
  136  12:26  Medivac, Marine  
  136  12:29  Concussive Shells, Widow Mine  
  140  12:31  Marauder, Missile Turret  
  140  12:34  Marauder  
  140  12:35  Widow Mine  
  144  12:38  Widow Mine  
  144  12:43  Marine x3  
  145  12:49  Medivac  
  145  12:50  Widow Mine  
  149  12:52  Marauder x2  
  149  12:55  Marauder  
  152  12:59  Marauder  
  152  13:00  Marine x2  
  152  13:03  Missile Turret x2  
  156  13:07  Marine x3  
  156  13:08  Marine x2  
  161  13:16  Marauder  
  161  13:19  Marauder  
  165  13:24  Widow Mine  
  165  13:25  Widow Mine  
  165  13:26  Medivac x2  
  173  13:31  Marine x4  
  173  13:32  Marauder x2, Marine  
  178  13:38  Marauder  
  180  13:45  Marine  
  180  13:46  Marauder, Marine x2  
  177  13:49  Marine x2, Widow Mine  
  177  13:55  Marine  
  181  13:56  Marine  
  181  13:57  Marine  
  181  14:01  Marauder  
  181  14:16  Marine  
  181  14:17  Marauder, Widow Mine x2, Marine x3  
  179  14:28  Marine  
  179  14:29  Marine x2  
  166  14:31  Marauder, Marine  
  166  14:39  Marine x4  
  166  14:41  Medivac  
  166  14:42  Marauder, Widow Mine x2  
  166  14:43  Marauder  
  166  14:44  Marine  
  161  14:46  Marine x2  
  161  14:47  Marine  
  161  14:49  Marine  
  161  14:52  Widow Mine  
  164  14:57  Supply Depot  
  164  14:58  Marine  
  164  14:59  Supply Depot  
  160  15:01  Marine  
  160  15:02  Marine  
  160  15:06  Marine  
  160  15:07  Marine  
  145  15:09  Marine  
  145  15:12  Marine  
  142  15:14  Widow Mine  
  142  15:18  Marine x2  
  136  15:22  Marine x2  
  138  15:30  Marine x2  
  138  15:33  Marine  
  141  15:39  Marine x2  
  136  15:45  Marine x2  
  136  15:46  Marine  
  139  15:56  Marauder, Marine x2  
  134  15:58  Marine  
  134  16:00  Marine  
Show
View Real Time Build Order
Export as new Build Order

scarlett Zerg 

Build Orders: Hatch First 

Get SALT Encoding   

  12  0:00  Drone  
  13  0:12  Overlord  
  13  0:20  Drone  
  14  0:30  Drone x2  
  16  0:48  Hatchery  
  15  0:51  Drone  
  15  0:54  Drone  
  17  0:58  Drone  
  18  1:09  Extractor  
  17  1:13  Spawning Pool  
  17  1:16  Drone  
  17  1:20  Drone  
  18  1:28  Drone  
  19  1:38  Drone  
  20  1:49  Overlord  
  20  2:00  Queen x2, Zergling x2  
  20  2:01  Zergling x2  
  26  2:10  Metabolic Boost  
  26  2:11  Drone x2  
  28  2:22  Drone x2  
  30  2:34  Drone x2  
  30  2:35  Queen  
  34  2:44  Overlord  
  34  2:55  Extractor  
  34  2:59  Extractor  
  34  3:01  Drone x3  
  34  3:04  Drone  
  34  3:05  Queen, Drone  
  40  3:16  Hatchery  
  40  3:17  Drone x4  
  44  3:26  Overlord  
  44  3:31  Overlord  
  44  3:44  Overlord, Queen x2  
  44  3:47  Drone  
  49  3:50  Zergling x10  
  54  3:58  Overlord  
  54  4:02  Overlord  
  54  4:15  Drone x5  
  59  4:20  Queen  
  61  4:28  Queen  
  60  4:32  Drone x5  
  60  4:37  Lair  
  65  4:39  Zergling x2  
  65  4:40  Zergling x2  
  65  4:43  Overlord  
  65  4:44  Overlord  
  66  4:52  Extractor, Baneling Nest  
  64  4:53  Drone x4  
  68  5:02  Drone x9  
  77  5:13  Drone x2  
  79  5:17  Drone  
  79  5:19  Evolution Chamber x2  
  79  5:20  Extractor x2  
  76  5:22  Drone x2  
  78  5:30  Drone x3  
  78  5:31  Zergling x2, Drone x2  
  84  5:39  Centrifical Hooks  
  84  5:45  Zergling x12  
  84  5:47  Overlord x2  
  84  5:49  Zerg Ground Armor Level 1  
  90  5:55  Overlord x2  
  90  5:58  Zerg Melee Weapons Level 1  
  90  6:02  Extractor  
  90  6:03  Zergling x2  
  90  6:07  Zergling x8  
  90  6:11  Hatchery, Zergling x12  
  98  6:19  Baneling x9  
  98  6:20  Zergling x6  
  101  6:28  Baneling x3, Zergling x2  
  101  6:29  Zergling x8  
  87  6:48  Zergling x14  
  87  6:53  Zergling x2  
  87  6:54  Zergling x10  
  85  6:57  Queen x3, Zergling x6  
  88  7:02  Hatchery  
  88  7:04  Zergling x4  
  88  7:07  Baneling x4  
  85  7:10  Zergling x2  
  85  7:14  Zergling x4  
  88  7:16  Baneling x5  
  88  7:18  Zergling x2  
  89  7:23  Zergling x2  
  89  7:25  Zergling x2  
  89  7:27  Queen, Zergling x4  
  95  7:33  Queen x3  
  99  7:41  Zergling x8  
  94  7:54  Zergling x8  
  94  7:56  Zerg Ground Armor Level 2, Zerg Melee Weapons Level 2  
  94  7:58  Baneling x11  
  93  7:59  Zergling x12  
  98  8:06  Extractor  
  98  8:09  Drone x8  
  104  8:13  Queen  
  105  8:24  Drone x2  
  105  8:25  Spire  
  103  8:34  Drone x12  
  103  8:36  Zergling x4  
  103  8:37  Baneling x9  
  103  8:38  Baneling x4  
  103  8:41  Zergling x8  
  120  8:44  Zergling x8  
  120  8:47  Baneling x5  
  125  8:51  Zergling x2  
  125  8:57  Zergling x2  
  116  9:13  Zergling x18  
  124  9:19  Zergling x4  
  124  9:22  Drone x2  
  124  9:29  Overlord x4  
  124  9:34  Extractor  
  124  9:35  Baneling x6  
  124  9:37  Hatchery  
  122  9:50  Zergling x38  
  141  10:00  Mutalisk x7  
  141  10:06  Overlord x4  
  142  10:22  Drone x3  
  142  10:23  Drone x2  
  142  10:25  Mutalisk x8  
  158  10:28  Zerg Flyer Weapons Level 1  
  158  10:34  Drone x3  
  161  10:42  Mutalisk x2  
  161  10:47  Queen x2  
  169  10:55  Zergling x22  
  180  11:02  Zergling x8  
  184  11:13  Zergling x12  
  190  11:21  Overlord x2  
  190  11:22  Extractor  
  185  11:27  Infestation Pit  
  185  11:28  Queen  
  141  11:40  Mutalisk x4  
  131  11:49  Mutalisk x7  
  131  11:51  Drone x3  
  131  11:52  Zergling x8  
  150  12:03  Baneling  
  150  12:04  Baneling x8  
  150  12:11  Hive  
  150  12:14  Hatchery  
  149  12:19  Zergling x10  
  154  12:25  Zerg Flyer Weapons Level 2  
  155  12:30  Zergling x14  
  155  12:35  Baneling x9  
  161  12:41  Pneumatized Carapace  
  161  12:44  Overseer x2  
  161  12:51  Zergling x22  
  165  12:58  Zergling x14  
  169  13:09  Overlord  
  169  13:15  Hatchery  
  169  13:17  Zergling x18  
  173  13:23  Zergling x2  
  173  13:24  Zergling x8  
  165  13:35  Zerg Melee Weapons Level 3  
  165  13:36  Overseer  
  165  13:40  Zergling x10  
  170  13:45  Baneling x8  
  168  13:53  Zergling x24  
  178  14:03  Adrenal Glands  
  178  14:05  Zergling x14  
  114  14:32  Zergling x18  
  114  14:33  Zergling x28  
  118  14:52  Zergling x2  
  104  14:53  Zergling x14  
  97  15:11  Overseer x2  
  91  15:22  Overseer  
  91  15:27  Zergling x2  
  91  15:28  Zergling x16  
  100  15:30  Baneling x3  
  74  15:59  Zergling x2  
  74  16:00  Zergling x18  
  74  16:01  Baneling x2  
Tags
 
Add a new tag
Caveats
  • Supply blocks, unpowered buildings, or Contaminate may cause inaccurate times.
  • Supply counts are checked every 10 seconds.